 Dungeon Crawl Stone Soup version 0.30.0-15-g856e2d3f33 (webtiles) character file.

Game seed: 4373088216841690188

30032 Warped the Severer (level 13, -9/113 HPs)
             Began as a Minotaur Gladiator on May 19, 2023.
             Was an Elder of Makhleb.
             Mangled by a white very ugly thing (24 damage)
             ... in an ice cave.
             The game lasted 00:27:14 (13830 turns).

Warped the Severer (Minotaur Gladiator)            Turns: 13830, Time: 00:27:15

Health: -9/113     AC: 24    Str: 21    XL:     13   Next: 18%
Magic:  24/24      EV: 14    Int:  5    God:    Makhleb [****..]
Gold:   870        SH:  0    Dex: 13    Spells: 12/12 levels left

rFire   . . .        b - +3 battleaxe (venom)
rCold   + . .        (shield currently unavailable)
rNeg    . . .        L - +0 plate armour
rPois   +            c - +1 hat
rElec   +            F - +5 cloak "Ribatuk" {+Blink rCorr MP+9 Str+3}
rCorr   +            v - +0 pair of gloves "Zueleupt" {Fly rElec rC+ Str-5}
SInv    .            (no boots)
Will    .....        (no amulet) Stlth
                     k - +5 ring of evasion
HPRegen 0.38/turn    m - ring of poison resistance
MPRegen 0.19/turn

%: no passive effects
@: flying
A: horns 2, retaliatory headbutt
a: Renounce Religion, Evoke Blink, Minor Destruction, Lesser Servant of Makhleb,
Major Destruction


You were in an ice cave.
You worshipped Makhleb.
Makhleb was greatly pleased with you.
You visited 5 branches of the dungeon, and saw 16 of its levels.
You also visited: Sewer, Gauntlet and Ice Cave.

You collected 903 gold pieces.
You spent 33 gold pieces at shops.

Inventory:

Hand Weapons
 b - a +3 battleaxe of venom (weapon)
 j - a +2 war axe of freezing
 N - a +2 scimitar of flaming
Missiles
 d - 4 throwing nets
 e - 9 javelins
 g - 91 stones
 w - 39 poisoned darts (quivered)
Armour
 c - a +1 hat (worn)
 v - the +0 pair of gloves "Zueleupt" (worn) {Fly rElec rC+ Str-5}
   (You found it on level 3 of the Dungeon)

   Str:       It affects your strength (-5).
   rC:        It protects you from cold.
   rElec:     It insulates you from electricity.
   Fly:       It grants you flight.
 F - the +5 cloak "Ribatuk" (worn) {+Blink rCorr MP+9 Str+3}
   (You found it in a Gauntlet)

   Str:       It affects your strength (+3).
   MP:        It affects your magic capacity (+9).
   +Blink:    It lets you blink.
   rCorr:     It protects you from acid and corrosion.
 I - a +2 kite shield
 L - a +0 plate armour (worn)
Jewellery
 i - a +4 ring of protection
 k - a +5 ring of evasion (left hand)
 m - a ring of poison resistance (right hand)
 C - the ring "Hofi" {rCorr Int+2}
   (You found it on level 5 of the Dungeon)

   [ring of resist corrosion]

   Int:       It affects your intelligence (+2).
   rCorr:     It protects you from acid and corrosion.
 G - a ring of fire
 M - a ring of see invisible
 Q - an amulet of the acrobat
Wands
 q - a wand of mindburst (11)
 u - a wand of acid (2)
 J - a wand of digging (5)
 U - a wand of iceblast (2)
Scrolls
 h - 2 scrolls of fog
 l - 7 scrolls of teleportation
 y - 2 scrolls of amnesia
 B - a scroll of magic mapping
 H - 2 scrolls of blinking
 O - a scroll of identify
Potions
 f - a potion of ambrosia
 n - 2 potions of cancellation
 o - 2 potions of might
 p - 3 potions of lignification
 s - a potion of attraction
 t - 2 potions of haste
 x - 8 potions of mutation
 A - 3 potions of brilliance
 E - a potion of magic
Miscellaneous
 T - a phantom mirror


   Skills:
 + Level 10.2 Fighting
 * Level 19.3 Axes
 + Level 3.7 Throwing
 + Level 11.8 Armour
 + Level 7.3 Dodging
 + Level 4.9 Invocations
 + Level 2.6 Evocations


You had 12 spell levels left.
You didn't know any spells.
Your spell library contained the following spells:

 Spells                   Type           Power      Damage    Failure   Level
 Apportation              Tloc           0%         N/A       100%        1
 Kiss of Death            Conj/Necr      0%         2d5       100%        1
 Magic Dart               Conj           0%         1d3       100%        1
 Summon Small Mammal      Summ           0%         N/A       100%        1
 Call Imp                 Summ           0%         N/A       100%        2
 Static Discharge         Conj/Air       0%         2-2/arc   100%        2
 Call Canine Familiar     Summ           0%         N/A       100%        3
 Confusing Touch          Hex            0%         N/A       100%        3
 Dazzling Flash           Conj/Hex       0%         N/A       100%        3
 Mephitic Cloud           Conj/Pois/Air  0%         N/A       100%        3
 Summon Guardian Golem    Hex/Summ       0%         N/A       100%        3
 Volatile Blastmotes      Fire/Tloc      0%         2d10      100%        3
 Airstrike                Air            0%         2d(0-16)  100%        4
 Dispel Undead            Necr           0%         3d6       100%        4
 Iskenderun's Mystic Bla  Conj/Tloc      0%         2d3       100%        4
 Summon Lightning Spire   Summ/Air       0%         N/A       100%        4
 Alistair's Intoxication  Tmut/Pois      0%         N/A       100%        5
 Starburst                Conj/Fire      0%         6d3       100%        6


Dungeon Overview and Level Annotations

Branches:
Dungeon (10/15)            Temple (1/1) D:7            Lair (3/5) D:8
  Swamp (1/4) Lair:2       Spider (1/4) Lair:2        Sewer (visited)
  IceCv (1/1)             Gauntlet (visited)
    Orc: D:9-12

Altars:
Ashenzari
Cheibriados
Dithmenos
Fedhas
Gozag
Hepliaklqana
Kikubaaqudgha
Makhleb
Nemelex Xobeh
Okawaru
Qazlal
Ru
Sif Muna
Trog
Uskayaw
Vehumet
Wu Jian
Xom
Yredelemnul
Zin

Shops:
D:1 *


Innate Abilities, Weirdness & Mutations

You have a pair of horns on your head.
You reflexively headbutt those who attack you in melee.


Message History

Okay, then.
Aiming: Corrosive Bolt
Press: ? - help, Shift-Dir - straight line, f - deep troll simulacrum
Aim: a deep troll simulacrum (heavily damaged, covered in acid, 90% to hit)
The bolt of acid hits the deep troll simulacrum!
The deep troll simulacrum seems to be corroded for longer.
The deep troll simulacrum is almost destroyed.
Your surroundings suddenly seem different.
A white very ugly thing and a freezing wraith come into view.
Found a kite shield of cold resistance.
The freezing wraith misses you. x2
The white very ugly thing headbutts you.
* * * LOW HITPOINT WARNING * * *
The white very ugly thing freezes you! You resist.
* * * LOW HITPOINT WARNING * * *
Okay, then.
Blink to where?
Press: ? - help, Dir - move target
Okay, then.
Okay, then.
Okay, then.
You are confused.
You feel invigorated.
The freezing wraith hits you but does no damage.
The freezing wraith misses you.
The white very ugly thing headbutts you but does no damage.
You bump into the stone wall.
The freezing wraith hits you but does no damage.
The freezing wraith closely misses you.
The white very ugly thing headbutts you but does no damage.
The freezing wraith hits you but does no damage.
The freezing wraith misses you.
The white very ugly thing barely misses you.
You see here a +2 kite shield of cold resistance.
You bump into the closed door.
You feel less invigorated.
You feel less confused.
The freezing wraith hits you but does no damage. x2
The white very ugly thing headbutts you!
* * * LOW HITPOINT WARNING * * *
The white very ugly thing freezes you!! You resist.
You die...

... ....
#.... #
##......
##.........
..........⌠.
.............
..# .....####
### ....Z#u@+
...Z.#W⌠#
.....####
.... ... ##


You could see a white very ugly thing, a freezing wraith, an anaconda simulacrum
and an ettin simulacrum.

Vanquished Creatures
  A minotaur (Gauntlet)
  An entropy weaver (Spider:1)
  The ghost of olmar the Protected, a journeyman AtFi of Gozag (D:10)
  A hell beast (Gauntlet)
  A radroach (Spider:1)
  2 two-headed ogres
  The ghost of turdburglar the Destroyer, a novice DrCj of Vehumet (D:9)
  4 death yaks (Lair:2)
  A sun moth (Spider:1)
  A spriggan simulacrum (IceCv)
  A will-o-the-wisp (Lair:2)
  3 wolf spiders
  4 black mambas
  Maurice (D:9)
  3 cane toads (Lair:1)
  A kobold demonologist (D:7)
  3 rime drakes
  An efreet (D:9)
  A komodo dragon (Lair:1)
  4 polar bears (Lair:2)
  The ghost of avis the Cleaver, an amateur HOMo (D:3)
  A queen bee (Gauntlet)
  Grinder (D:4)
  4 tarantellas (Spider:1)
  A hornet (D:8)
  Prince Ribbit (D:9)
  4 jumping spiders (Spider:1)
  3 flying skulls (Gauntlet)
  4 culicivoras
  5 wyverns
  A shadow (D:9)
  2 basilisks
  15 yaks
  3 wraiths
  13 redbacks
  2 steam dragons (D:9)
  Menkaure (D:7)
  An acid dragon (D:10)
  15 water moccasins
  An orc warrior (D:9)
  3 black bears
  A sky beast (D:6)
  3 ice beasts
  2 ogres (D:4)
  2 centaurs (D:9)
  20 wolves (Lair:2)
  5 kobold brigands
  A gnoll sergeant (D:8)
  6 bullfrogs
  2 scorpions (D:5)
  9 killer bees
  An electric eel (D:6)
  2 howler monkeys (D:9)
  3 jellies
  A hound (D:4)
  An orc priest (D:3)
  5 iguanas
  4 orc wizards
  2 sleepcaps
  A scorpion simulacrum (D:3)
  18 gnolls
  22 adders
  5 river rats
  A hound simulacrum (D:3)
  2 ufetubi
  3 worms
  3 dart slugs
  3 adder simulacra (D:3)
  25 orcs
  6 bats
  9 endoplasms
  6 giant cockroaches
  11 goblins
  8 hobgoblins
  4 jackals (Sewer)
  5 quokkas
  11 ball pythons
  A ball python simulacrum (D:3)
  7 frilled lizards
  A giant cockroach simulacrum (D:3)
  24 kobolds
  2 rats
366 creatures vanquished.

Vanquished Creatures (others)
  A shadow (D:9)
  8 foxfires (Lair:2)
9 creatures vanquished.

Grand Total: 375 creatures vanquished

Notes
Turn   | Place    | Note
-------+----------+-------------------------------------------
     0 | D:1      | Warped the Minotaur Gladiator began the quest for the Orb.
     0 | D:1      | Reached XP level 1. HP: 18/18 MP: 0/0
    75 | D:1      | Reached skill level 4 in Axes
   109 | D:1      | Reached XP level 2. HP: 22/25 MP: 1/1
   216 | D:1      | Found Omeilieh's General Store.
   224 | D:1      | Bought a scroll of teleportation for 33 gold pieces
   428 | D:2      | Reached skill level 5 in Axes
   428 | D:2      | Reached XP level 3. HP: 26/30 MP: 2/2
   730 | D:2      | Reached skill level 6 in Axes
   730 | D:2      | Reached XP level 4. HP: 21/37 MP: 3/3
   930 | D:3      | Identified the +0 pair of gloves "Zueleupt" {Fly rElec rC+
                  | Str-5}
   958 | D:3      | Noticed avis's ghost (amateur HOMo)
  1002 | D:3      | Found a runed translucent gate.
  1002 | D:3      | Found a runed translucent gate.
  1002 | D:3      | Found a runed translucent gate.
  1079 | D:3      | Reached skill level 7 in Axes
  1079 | D:3      | Reached XP level 5. HP: 5/42 MP: 4/4
  1284 | D:3      | Found a sparkling altar of Nemelex Xobeh.
  1937 | D:4      | Noticed a black bear
  1947 | D:4      | Killed a black bear
  1948 | D:4      | Reached skill level 8 in Axes
  1948 | D:4      | Reached skill level 1 in Armour
  1948 | D:4      | Reached XP level 6. HP: 32/50 MP: 5/5
  2004 | D:4      | Found a glowing drain.
  2012 | Sewer    | Entered a sewer
  2130 | Sewer    | Reached skill level 9 in Axes
  2697 | D:4      | Reached XP level 7. HP: 44/56 MP: 6/6
  2922 | D:4      | Noticed Grinder
  2934 | D:4      | Paralysed by Grinder for 5 turns
  2951 | D:4      | Killed Grinder
  2952 | D:4      | Reached skill level 10 in Axes
  3214 | D:4      | Reached skill level 11 in Axes
  3214 | D:4      | Reached XP level 8. HP: 62/62 MP: 7/7
  3436 | D:5      | Entered Level 5 of the Dungeon
  3452 | D:5      | Identified the ring "Hofi" {rCorr Int+2}
  3885 | D:5      | Found a snail-covered altar of Cheibriados.
  3888 | D:5      | Found a shimmering altar of Xom.
  3888 | D:5      | Found an opulent altar of Gozag.
  3890 | D:5      | Found an ornate altar of the Wu Jian Council.
  3890 | D:5      | Found an iron altar of Okawaru.
  3890 | D:5      | Found a snail-covered altar of Cheibriados.
  3948 | D:5      | Found a large runed translucent door.
  3948 | D:5      | Found a large runed translucent door.
  3948 | D:5      | Found a shimmering altar of Xom.
  4075 | D:5      | Reached skill level 12 in Axes
  4310 | D:3      | Killed avis's ghost
  5026 | D:6      | Reached skill level 5 in Armour
  5200 | D:6      | Found a radiant altar of Vehumet.
  5201 | D:6      | Found an ancient bone altar of Kikubaaqudgha.
  5288 | D:6      | Identified the +7 quarterstaff "Pendulum" {heavy, Will-
                  | rCorr Dex+6}
  5495 | D:6      | Found an iron altar of Okawaru.
  5565 | D:6      | Reached skill level 13 in Axes
  5565 | D:6      | Reached XP level 9. HP: 61/70 MP: 8/8
  5968 | D:7      | Found a staircase to the Ecumenical Temple.
  5976 | Temple   | Entered the Ecumenical Temple
  6014 | Temple   | Became a worshipper of Makhleb the Destroyer
  6130 | D:7      | Noticed a kobold demonologist
  6139 | D:7      | Noticed a soul eater
  6144 | D:7      | Killed a kobold demonologist
  6281 | D:7      | Noticed a two-headed ogre
  6285 | D:7      | Killed a two-headed ogre
  6286 | D:7      | Reached skill level 14 in Axes
  6382 | D:7      | Noticed Menkaure
  6389 | D:7      | Killed Menkaure
  6873 | D:8      | Reached skill level 5 in Fighting
  7000 | D:8      | Reached skill level 15 in Axes
  7000 | D:8      | Reached XP level 10. HP: 38/81 MP: 9/9
  7189 | D:8      | Found a staircase to the Lair.
  7319 | D:8      | Found a shadowy altar of Dithmenos.
  7328 | D:8      | Noticed a two-headed ogre
  7342 | D:8      | Killed a two-headed ogre
  7637 | D:8      | Found an ornate altar of the Wu Jian Council.
  7638 | D:8      | Found a snail-covered altar of Cheibriados.
  7763 | D:8      | Reached * piety under Makhleb
  7822 | D:9      | Noticed Maurice
  7831 | D:9      | Killed Maurice
  7832 | D:9      | Reached skill level 16 in Axes
  7842 | D:9      | Found a runed translucent gate.
  7842 | D:9      | Found a runed translucent gate.
  8127 | D:9      | Found a basalt altar of Yredelemnul.
  8377 | D:9      | Found an opulent altar of Gozag.
  8461 | D:9      | Noticed turdburglar's ghost (novice DrCj)
  8463 | D:9      | Found a runed translucent gate.
  8490 | D:9      | Noticed Prince Ribbit
  8500 | D:9      | Killed Prince Ribbit
  8778 | D:9      | Found a hazy altar of Hepliaklqana.
  8848 | D:9      | Found a stormy altar of Qazlal.
  8909 | D:10     | Entered Level 10 of the Dungeon
  9395 | D:10     | Found a runed translucent door.
  9507 | D:10     | Reached XP level 11. HP: 69/92 MP: 10/10
  9636 | D:10     | Found a hide-covered altar of Uskayaw.
  9780 | D:10     | Noticed olmar's ghost (journeyman AtFi)
  9872 | D:9      | Killed turdburglar's ghost
 10083 | D:10     | Killed olmar's ghost
 10185 | Lair:1   | Entered Level 1 of the Lair of Beasts
 10246 | Lair:1   | Reached skill level 17 in Axes
 10668 | Lair:1   | Identified the staff of death "Ymyohoan" {rPois rN+ Str+6
                  | Int+2}
 10692 | Lair:1   | Reached skill level 10 in Armour
 10701 | Lair:1   | Reached ** piety under Makhleb
 11103 | Lair:1   | Reached skill level 1 in Invocations
 11147 | Lair:1   | Reached skill level 5 in Dodging
 11221 | Lair:1   | Found the +8 whip "Snakebite" {venom, curare, rPois}
 11493 | Lair:2   | Reached skill level 18 in Axes
 11508 | Lair:2   | Noticed a death yak
 11509 | Lair:2   | Noticed a death yak
 11512 | Lair:2   | Reached XP level 12. HP: 50/103 MP: 12/12
 11612 | Lair:2   | Noticed a death yak
 11616 | Lair:2   | Noticed a death yak
 11633 | Lair:2   | Killed a death yak
 11638 | Lair:2   | Killed a death yak
 11649 | Lair:2   | Killed a death yak
 11649 | Lair:2   | Reached *** piety under Makhleb
 11654 | Lair:2   | Killed a death yak
 11722 | Lair:2   | Found a gate leading to a gauntlet.
 11827 | Gauntlet | Entered a Gauntlet
 11827 | Gauntlet | Found a transporter.
 11861 | Gauntlet | Found a transporter.
 11863 | Gauntlet | Found a transporter.
 11879 | Gauntlet | Found a transporter.
 11882 | Gauntlet | Found a transporter.
 11888 | Gauntlet | Found a runed translucent gate.
 11888 | Gauntlet | Found a runed translucent gate.
 11891 | Gauntlet | Found a runed translucent gate.
 11891 | Gauntlet | Found a transporter.
 11905 | Gauntlet | Noticed a catoblepas
 11910 | Gauntlet | Found a transporter.
 11929 | Gauntlet | Found a transporter.
 11948 | Gauntlet | Noticed a hell beast
 11953 | Gauntlet | Found a transporter.
 11963 | Gauntlet | Found a transporter.
 11967 | Gauntlet | Found a transporter.
 11967 | Gauntlet | Found a transporter.
 11969 | Gauntlet | Found a transporter.
 11999 | Gauntlet | Found a transporter.
 12236 | Gauntlet | Identified the +5 cloak "Ribatuk" {+Blink rCorr MP+9 Str+3}
 12252 | Gauntlet | Killed a hell beast
 12383 | Gauntlet | Noticed a minotaur
 12400 | Gauntlet | Killed a minotaur
 12664 | Lair:2   | Found a staircase to the Swamp.
 12985 | Lair:2   | Reached skill level 1 in Evocations
 13226 | Lair:2   | Found a hole to the Spider Nest.
 13485 | Swamp:1  | Entered Level 1 of the Swamp
 13485 | Swamp:1  | Noticed a shambling mangrove
 13539 | Spider:1 | Entered Level 1 of the Spider Nest
 13544 | Spider:1 | Reached skill level 19 in Axes
 13617 | Spider:1 | Noticed an entropy weaver
 13619 | Spider:1 | Reached **** piety under Makhleb
 13620 | Spider:1 | Reached skill level 10 in Fighting
 13627 | Spider:1 | Killed an entropy weaver
 13628 | Spider:1 | Reached XP level 13. HP: 91/113 MP: 15/15
 13682 | Spider:1 | Found a frozen archway.
 13810 | IceCv    | Entered an ice cave
 13826 | IceCv    | Noticed a white very ugly thing
 13830 | IceCv    | Mangled by a white very ugly thing

Illustrated notes

Levels and vault maps discovered:
D:1:      dpeg_arrival_refuge, layout_basic, serial_shops, shop,
          minmay_heptomino_o4
D:2:      layout_basic
D:3:      layout_loops_ring, nemelex_dance_club_becter, gammafunk_ghost_icy
D:4:      minmay_bubble_buster, layout_rooms, gup_sewer_entry_bubbles,
          uniq_grinder
D:5:      due_chaos_kobolds, layout_cave_pools, doesnt_xom_only_xom,
          kennysheep_generic_room_9
D:6:      layout_basic, nicolae_overflow_two_pavilions, okawaru_gym_becter,
          nicolae_concentric_dashed_squares_wild
D:7:      layout_loops_ring, minmay_temple_entry_crystal_x, uniq_menkaure
D:8:      layout_basic, gammafunk_temple_overflow_pools, kennysheep_mini,
          lair_entry_dummy
D:9:      layout_rooms, mainiacjoe_overflow_brackets,
          nicolae_qazlal_eye_of_the_storm, worldfamousw_hep_ancestral_shrine,
          grunt_gozag_statues, gammafunk_ghost_split, uniq_maurice,
          uniq_prince_ribbit1
D:10:     layout_roguey, nicolae_uskayaw_dance_hall,
          ebering_ghost_reflecting_pool
Temple:   nicolae_temple_bog_church
Lair:1:   minmay_guarded_unrand_snakebite, layout_loops_ring
Lair:2:   layout_misc_corridors, minmay_swamp_entry_wisps,
          spider_nest_entry_funnel_web, gauntlet_entry_generic,
          cheibrodos_lair_lostbears, grunt_megastairs_2,
          infiniplex_staircase_pool
Lair:3:   layout_roguey [special_room_bee], nicolae_quartered_pool_impasse,
          grunt_megastairs_5
Swamp:1:  layout_basic_swamp, hangedman_swamp_pad, st_swamp_ruins_2
Spider:1: layout_spider_delve, gammafunk_ghost_arena,
          portal_ice_cave_entry_pillars_2
IceCv:    ice_cave_tombish

Skill      XL: |  1  2  3  4  5  6  7  8  9 10 11 12 |
---------------+-------------------------------------+-----
Axes           | 4 5 6 7 8 9 11 13 15 16 18 19 | 19.3
Armour         | 1 2 3 5 7 9 10 11 | 11.8
Fighting       | 3 5 7 8 10 | 10.2
Dodging        | 4 5 7 |  7.3
Invocations    | 2 4 |  4.9
Evocations     | 2 |  2.6
Throwing       | 3 |  3.7

Action                     |  1- 3 |  4- 6 |  7- 9 | 10-12 | 13-15 || total
---------------------------+-------+-------+-------+-------+-------++-------
  Melee: War axe           |    64 |   157 |   254 |   120 |       ||   595
         Headbutt          |     5 |    20 |    58 |   113 |    11 ||   207
         Punch             |       |       |     4 |     1 |       ||     5
         Battleaxe         |       |       |       |   316 |    34 ||   350
  Throw: Dart              |       |       |       |     6 |       ||     6
  Evoke: Wand              |       |       |       |     5 |     3 ||     8
    Use: Potion            |       |     3 |     2 |     5 |     3 ||    13
         Scroll            |       |     9 |     7 |     9 |     3 ||    28
   Stab: Sleeping          |     1 |       |       |       |       ||     1
         Distracted        |       |       |       |     1 |       ||     1
 Armour: Leather armour    |    20 |     1 |       |       |       ||    21
         Chain mail        |       |    78 |    96 |    36 |       ||   210
         Plate armour      |       |       |       |   190 |    37 ||   227
  Dodge: Dodged            |    42 |    62 |    80 |   241 |    38 ||   463
